 Dungeon Crawl Stone Soup version 0.31-a0-263-ge8cad7f256 (webtiles) character file.

Game seed: 16040704606131854193

513 qw the Shooter (level 7, -3/64 HPs)
             Began as a Minotaur Hexslinger on July 13, 2023.
             Engulfed by a cloud of steam (6 damage)
             ... on level 5 of the Dungeon.
             The game lasted 00:01:29 (2839 turns).

qw the Shooter (Minotaur Hexslinger)                Turns: 2839, Time: 00:01:30

Health: -3/64      AC:  8    Str: 12    XL:     7   Next: 0%
Magic:  7/7        EV: 16    Int: 10    God:
Gold:   266        SH:  0    Dex: 15    Spells: 7/8 levels left

rFire   . . .        Y - +0 arbalest (freeze)
rCold   + . .        (shield currently unavailable)
rNeg    . . .        b - +2 ring mail {rPois}
rPois   +            (helmet restricted)
rElec   .            (no cloak)
rCorr   .            (no gloves)
SInv    .            j - +0 pair of boots
Will    .....        (no amulet)
Stlth   +            h - ring of protection from cold
HPRegen 0.30/turn    e - +5 ring of evasion
MPRegen 0.10/turn

%: no passive effects
@: about to teleport
A: horns 2, retaliatory headbutt, robust 1, evolution 1, noise suppression
a: no special abilities


You were on level 5 of the Dungeon.
You visited 1 branch of the dungeon, and saw 5 of its levels.
You also visited: Sewer.

You collected 266 gold pieces.


Innate Abilities, Weirdness & Mutations

You have a pair of horns on your head.
You reflexively headbutt those who attack you in melee.
You are robust. (+10% HP)
You have hidden genetic potential.
You passively dampen the noise of your surroundings.


   Skills:
 - Level 4.0 Fighting
 + Level 7.4 Ranged Weapons
 - Level 1.0 Armour
 - Level 2.1 Dodging
 - Level 1.0 Spellcasting
 - Level 2.0 Hexes


You had 7 spell levels left.
You knew the following spells:

 Your Spells              Type           Power      Damage    Failure   Level
a - Slow                  Hex            16%        N/A       34%         1

Your spell library contained the following spells:

 Spells                   Type           Power      Damage    Failure   Level
 Inner Flame              Hex/Fire       2%         N/A       83%         3
 Portal Projectile        Hex/Tloc       4%         N/A       83%         3
 Cause Fear               Hex            2%         N/A       98%         4

Inventory:

Hand Weapons
 Y - a +0 arbalest of freezing (weapon)
Armour
 b - a +2 ring mail of poison resistance (worn)
 j - a +0 pair of boots (worn)
Jewellery
 e - a +5 ring of evasion (right hand)
 h - a ring of protection from cold (left hand)
Scrolls
 a - a scroll of identify
Potions
 d - a potion of mutation
 i - a potion of lignification {unknown}
 k - a potion of curing {unknown}
 m - a potion of might
 n - a potion of brilliance {unknown}

Dungeon Overview and Level Annotations

Branches:
Dungeon (5/15)              Sewer (visited)
 Temple: D:4-7

Altars:
Dithmenos
Makhleb
Vehumet
Yredelemnul

Shops:
D:3 (

Annotations:
D:3 3 runed translucent doors, qw's ghost, amateur MiHs


Message History

The bolt closely misses the steam dragon.
The steam dragon breathes steam at you. The ball of steam hits you!
You're standing in a cloud of steam!
You are engulfed in a cloud of scalding steam.
You shoot a bolt.
The bolt closely misses the steam dragon.
You are engulfed in a cloud of scalding steam.
The steam dragon breathes steam at you. The ball of steam hits you!!
You shoot a bolt.
The bolt hits the steam dragon but does no damage.
You are engulfed in a cloud of scalding steam.
The steam dragon barely misses you.
The steam dragon claws you but does no damage.
You shoot a bolt.
The bolt barely misses the steam dragon.
The steam dragon breathes steam at you. The ball of steam hits you!!
2836 ||| READING scroll of teleportation.
As you read the scroll of teleportation, it crumbles to dust.
You feel strangely unstable.
You are engulfed in a cloud of scalding steam.
The steam dragon bites you! The steam dragon claws you.
2837 ||| DRINKING potion of heal wounds.
You feel much better. The steam dragon breathes steam at you.
The ball of steam hits you!
You shoot a bolt. The bolt hits the steam dragon!
The bolt freezes the steam dragon.
The steam dragon is severely wounded.
You are engulfed in a cloud of scalding steam.
The steam dragon bites you. The steam dragon misses you.
The steam dragon closely misses you. The steam dragon claws you.
You shoot a bolt. The bolt hits the steam dragon!
The bolt freezes the steam dragon.
You kill the steam dragon!
The steam dragon scales are intact enough to wear.
You are engulfed in a cloud of scalding steam.
You die...

## ... ....
....(
#######......
#<ยค..@[......
#######......
....# ...# ..#
.# #


There were no monsters in sight!

Vanquished Creatures
  A steam dragon (D:5)
  A bullfrog (D:4)
  A scorpion (D:4)
  A jelly (D:4)
  Jessica (D:2)
  A hell rat (Sewer)
  Natasha (D:2)
  Robin (D:3)
  9 adders
  4 gnolls (D:4)
  2 river rats
  6 worms
  3 dart slugs
  6 orcs
  8 bats
  7 endoplasms
  3 giant cockroaches
  17 goblins
  14 hobgoblins
  2 jackals (D:4)
  2 quokkas
  8 ball pythons
  8 frilled lizards
  5 kobolds
  13 rats
125 creatures vanquished.

Notes
Turn   | Place    | Note
-------+----------+-------------------------------------------
     0 | D:1      | qw the Minotaur Hexslinger began the quest for the Orb.
     0 | D:1      | Reached XP level 1. HP: 16/16 MP: 1/1
     0 | D:1      | 0 ||| qw: Version: 0.3-a-52-g30416fa
     0 | D:1      | 0 ||| qw: Game counter: 7331
     0 | D:1      | 0 ||| qw: Melee chars always use a shield: true
     0 | D:1      | 0 ||| qw: God list: Okawaru
     0 | D:1      | 0 ||| qw: Allow faded altars: false
     0 | D:1      | 0 ||| qw: Do Orc after clearing Dungeon:15 true
     0 | D:1      | 0 ||| qw: Do second Lair branch before Depths: true
     0 | D:1      | 0 ||| qw: Lair rune preference: random
     0 | D:1      | 0 ||| qw: Goals: Normal
     0 | D:1      | 0 ||| PLANNING D:1-11
    96 | D:1      | Reached skill level 3 in Ranged Weapons
    96 | D:1      | Reached XP level 2. HP: 23/23 MP: 2/2
   336 | D:1      | 336 ||| FLEEEEING.
   337 | D:1      | 337 ||| FLEEEEING.
   338 | D:1      | 338 ||| FLEEEEING.
   553 | D:1      | Reached XP level 3. HP: 29/29 MP: 3/3
   704 | D:1      | 704 ||| UPGRADING to +0 pair of boots.
   709 | D:1      | 709 ||| UPGRADING to ring of protection from cold.
   710 | D:1      | 710 ||| READING scroll labelled IKLAHY DOSM.
   710 | D:1      | Identified a scroll of acquirement
   710 | D:1      | 710 ||| ACQUIRING +0 arbalest of freezing
   710 | D:1      | Acquired a +0 arbalest of freezing
   712 | D:1      | 712 ||| SWAPPING to +0 arbalest of freezing.
   713 | D:1      | 713 ||| DROPPING +1 sling.
   714 | D:1      | 714 ||| READING scroll labelled SIAWNUPNORURU.
   715 | D:1      | 715 ||| READING scroll labelled KUOLAA BITY.
   716 | D:1      | 716 ||| READING scroll labelled DAJEIBR YTHUER.
   717 | D:1      | 717 ||| READING scroll labelled TOWOTA YPACO.
   769 | D:1      | 769 ||| DROPPING scroll of poison.
   962 | D:2      | Reached skill level 4 in Ranged Weapons
  1132 | D:2      | Noticed Natasha
  1132 | D:2      | Noticed Jessica
  1139 | D:2      | Killed Natasha
  1140 | D:2      | Reached XP level 4. HP: 31/36 MP: 4/4
  1143 | D:2      | Killed Jessica
  1144 | D:2      | Reached skill level 5 in Ranged Weapons
  1387 | D:2      | 1387 ||| UPGRADING to +2 ring mail of poison resistance.
  1397 | D:2      | 1397 ||| DROPPING +0 robe.
  1398 | D:2      | 1398 ||| READING scroll labelled CUCKA VOLYD.
  1399 | D:2      | 1399 ||| READING scroll labelled IMNUNEN CO TIA.
  1400 | D:2      | 1400 ||| READING scroll labelled ITRIRI SIOME.
  1444 | D:3      | 1444 ||| STAIRDANCE
  1449 | D:2      | Reached XP level 5. HP: 34/42 MP: 5/5
  1498 | D:3      | Reached skill level 1 in Armour
  1498 | D:3      | Identified the -1 helmet of Uskayaw, Protecting {rF++}
  1498 | D:3      | Noticed Robin
  1507 | D:3      | Killed Robin
  1508 | D:3      | Reached skill level 3 in Fighting
  1540 | D:3      | Found Ybran's Weapon Shoppe.
  1558 | D:3      | Found a basalt altar of Yredelemnul.
  1562 | D:3      | Found a radiant altar of Vehumet.
  1728 | D:3      | Found a runed translucent gate.
  1728 | D:3      | Found a runed translucent gate.
  1728 | D:3      | Found a runed translucent gate.
  1729 | D:3      | Noticed qw's ghost (amateur MiHs)
  1789 | D:3      | Found a shadowy altar of Dithmenos.
  1978 | D:3      | 1978 ||| UPGRADING to +5 ring of evasion.
  1979 | D:3      | 1979 ||| DRINKING 2 metallic amethyst potions.
  1979 | D:3      | Gained mutation: You have hidden genetic potential. [potion
                  | of mutation]
  1979 | D:3      | Gained mutation: You are robust. (+10% HP) [potion of
                  | mutation]
  1997 | D:4      | 1997 ||| PLANNING SEWER
  2110 | D:4      | Reached skill level 6 in Ranged Weapons
  2110 | D:4      | Reached XP level 6. HP: 45/56 MP: 6/6
  2327 | D:4      | Gained mutation: You passively dampen the noise of your
                  | surroundings. [hidden potential]
  2483 | D:4      | Found a glowing drain.
  2486 | D:4      | 2486 ||| READING 2 scrolls labelled FAINETEKLY.
  2491 | D:4      | 2491 ||| READING 2 scrolls of identify.
  2491 | D:4      | 2491 ||| IDENTIFYING murky golden potion
  2492 | D:4      | 2492 ||| DROPPING potion of invisibility.
  2526 | Sewer    | Entered a sewer
  2537 | Sewer    | 2537 ||| Stepping ~*~*~tactically~*~*~ (water).
  2571 | Sewer    | 2571 ||| Stepping ~*~*~tactically~*~*~ (water).
  2574 | Sewer    | Reached skill level 7 in Ranged Weapons
  2601 | Sewer    | 2601 ||| READING scroll labelled GALEEM BIARECVERI.
  2602 | Sewer    | 2602 ||| READING scroll labelled BOUXOA EPHAPTA.
  2603 | Sewer    | 2603 ||| DRINKING 2 metallic dark potions.
  2604 | Sewer    | 2604 ||| DRINKING 2 puce potions.
  2605 | Sewer    | 2605 ||| READING 2 scrolls of identify.
  2605 | Sewer    | 2605 ||| IDENTIFYING viscous sapphire potion
  2606 | Sewer    | 2606 ||| DROPPING potion of ambrosia.
  2618 | D:4      | 2618 ||| PLANNING D:1-11
  2717 | D:4      | Reached XP level 7. HP: 64/64 MP: 7/7
  2795 | D:4      | Found a burning altar of Makhleb.
  2799 | D:4      | 2799 ||| READING scroll labelled NUKHIMYAPE.
  2825 | D:5      | Entered Level 5 of the Dungeon
  2830 | D:5      | Noticed a steam dragon
  2835 | D:5      | HP: 12/64 [steam dragon/ball of steam (19)]
  2836 | D:5      | 2836 ||| READING scroll of teleportation.
  2836 | D:5      | HP: 3/64 [steam dragon (7)]
  2837 | D:5      | 2837 ||| DRINKING potion of heal wounds.
  2839 | D:5      | Killed a steam dragon
  2839 | D:5      | Engulfed by a cloud of steam

Levels and vault maps discovered:
D:1:      lemuel_arrival_river_ford, layout_loops_cross, minmay_hexomino_f4
D:2:      layout_loops_cross, uniq_jessica, uniq_natasha
D:3:      layout_rooms, mainiacjoe_overflow_tiny_flanked, jmf_multi_god_temple,
          gammafunk_ghost_necromancy, serial_shops, shop,
          minmay_misc_feat_columns, minmay_pentangle, uniq_robin
D:4:      minmay_chambers_of_fours, layout_rooms, lightli_temple_of_fire,
          lightli_sewer_entry_pipes
D:5:      layout_basic, chequers_temple_overflow_statue_of_worship,
          lemuel_coloured_pillars_altar, sigmund_army, uniq_blork_the_orc,
          uniq_edmund, uniq_prince_ribbit1

Skill      XL: |  1  2  3  4  5  6 |
---------------+-------------------+-----
Ranged Weapons | 3 4 5 6 7 |  7.4
Fighting       | 2 3 4 |  4.0
Armour         | 1 |  1.0
Dodging        | |  2.1
Spellcasting   | |  1.0
Hexes          | |  2.0

Action                     |  1- 3 |  4- 6 |  7- 9 || total
---------------------------+-------+-------+-------++-------
   Fire: Sling             |    78 |       |       ||    78
         Arbalest          |    33 |   177 |     6 ||   216
    Use: Scroll            |     5 |     8 |     2 ||    15
         Potion            |       |     3 |     1 ||     4
 Armour: Robe              |     8 |     1 |       ||     9
         Ring mail         |       |    41 |     3 ||    44
  Dodge: Dodged            |    38 |    96 |     3 ||   137

Table legend:
 A = Non-vault XP
 B = Vault XP
 C = Vault XP percentage of total XP
 D = Non-vault monster count
 E = Vault monster count
 F = Vault count percentage of total count
                 A         B        C        D         E       F
            +---------+---------+-------+---------+---------+-------
      Total |     569 |     352 |  38.2 |      78 |      47 |  37.6
            +---------+---------+-------+---------+---------+-------
        D:1 |      41 |       7 |  14.6 |      25 |       4 |  13.8
        D:2 |      83 |      72 |  46.5 |      25 |       2 |   7.4
        D:3 |      30 |      62 |  67.4 |       8 |      21 |  72.4
        D:4 |     228 |     159 |  41.1 |      19 |      15 |  44.1
        D:5 |     187 |       0 |   0.0 |       1 |       0 |   0.0
      Sewer |       0 |      52 | 100.0 |       0 |       5 | 100.0
            +---------+---------+-------+---------+---------+-------
